 Dungeon Crawl Stone Soup version 0.31.0-12-g77e489cdc1 (webtiles) character file.

Game seed: 12673209135192171874

219 BigDaddyOpFi the Grave Robber (level 5, -2/28 HPs)
             Began as a Gargoyle Necromancer on Mar 7, 2024.
             Killed by nerve-wracking pain
             ... invoked by an orc priest
              (6 damage)
             ... on level 4 of the Dungeon.
             The game lasted 00:06:23 (3642 turns).

BigDaddyOpFi the Grave Robber (GrNe)                Turns: 3642, Time: 00:06:24

Health: -2/28      AC: 11    Str:  9 (11) XL:     5   Next: 96%
Magic:  7/9        EV: 12    Int: 15 (18) God:
Gold:   133        SH:  0    Dex:  8 (10) Spells: 6/10 levels left

rFire   . . .        g - +0 hand axe
rCold   . . .        (no shield)
rNeg    + . .        a - +0 robe
rPois   ∞            (no helmet)
rElec   +            c - +1 cloak
rCorr   .            o - +2 pair of gloves
SInv    .            (no boots)
Will    +....        (no amulet)
Stlth   ++           d - ring of flight
HPRegen 0.24/turn    (no ring)
MPRegen 0.11/turn

%: no passive effects
@: brilliant, enlightened, flying, invisible
A: sickness immunity, AC +4, negative energy resistance 1, electricity
resistance, torment resistance 1, petrification resistance
a: no special abilities


You were on level 4 of the Dungeon.
You visited 1 branch of the dungeon, and saw 4 of its levels.

You collected 133 gold pieces.

Inventory:

Hand Weapons
 f - a +0 dagger
 g - a +0 hand axe (weapon)
 j - the +1 dagger of Meylikh {freeze, rC+ Will+ Int+3}
   (You found it on level 2 of the Dungeon)

   Int+3:     It affects your intelligence (+3).
   rC+:       It protects you from cold.
   Will+:     It increases your willpower.
Armour
 a - a +0 robe (worn)
 c - a +1 cloak (worn)
 o - a +2 pair of gloves (worn)
Jewellery
 d - a ring of flight (left hand)
Scrolls
 e - 3 scrolls of immolation
 p - a scroll of teleportation
Potions
 b - a potion of magic
 l - 2 potions of brilliance


   Skills:
 + Level 2.7 Dodging
 + Level 3.9 Stealth
 + Level 3.2 Spellcasting
 + Level 4.0 Necromancy


You had 6 spell levels left.
You knew the following spells:

 Your Spells              Type           Power      Damage    Failure   Level
a - Necrotise             Necr           84%        1d8       3%          1
b - Vampiric Draining     Necr           21%        2d7       11%         3

Your spell library contained the following spells:

 Spells                   Type           Power      Damage    Failure   Level
 Animate Dead             Necr           21%        N/A       36%         4
 Curse of Agony           Necr           21%        N/A       71%         5


Dungeon Overview and Level Annotations

Branches:
Dungeon (4/15)
 Temple: D:4-7

Altars:
Vehumet


Innate Abilities, Weirdness & Mutations

You are immune to sickness and miasma.
Your stone body is resilient. (AC +4)
You are immune to poison.
You resist negative energy. (rN+)
You are resistant to electric shocks. (rElec)
You are resistant to unholy torment.
You are immune to petrification.


Message History

It was a scroll of noise.
You hear an angry hiss.
You hear a shout! x2; You hear an angry hiss.
The orc priest invokes the aid of Beogh against you.
You resist with some effort.
Things that are here:
a +0 club; a goblin corpse You closely miss the orc.
You hit the orc priest but do no damage.
Your attack snaps the orc priest out of its fear.
The orc priest mumbles some strange prayers to Beogh against you.
You resist with some effort. The orc closely misses you.
You hit the orc priest but do no damage.
You hit the orc.
The orc priest mumbles some strange prayers to Beogh against you.
Pain shoots through your body!
* * * LOW HITPOINT WARNING * * *
The orc barely misses you.
A hound comes into view.
The orc priest begins to cast a cantrip, but forgets the words!
Unknown command.
Casting: Necrotise (safe; 3% risk of failure)
Confirm with . or Enter, or press ? or * to list all spells.
Aiming: Necrotise (safe; 3% risk of failure)
Press: ? - help, Shift-Dir - straight line, f - orc priest
Aim: an orc priest, wielding a +0 hand axe (unable to see you, chance to affect: 80%)
You feel a surge of power!
The orc priest writhes in agony!
The hound barks!
The orc completely misses you.
The orc priest hits you but does no damage.
Unknown command.
Casting: Necrotise (safe; 3% risk of failure)
Confirm with . or Enter, or press ? or * to list all spells.
Aiming: Necrotise (safe; 3% risk of failure)
Press: ? - help, Shift-Dir - straight line, f/p - orc priest
Aim: an orc priest, wielding a +0 hand axe (heavily wounded, unable to see you, chance to affect: 80%)
You feel a surge of power!
The orc priest writhes in agony.
The orc closely misses you.
The orc priest calls down the wrath of Beogh upon you.
Pain shoots through your body!
You die...

#....# # #....# .
#....## ##.# .....
##.############..$#
##...........##...# ..
##...........##.g.# ...
##.....<.....###o###h..#
##.............o@...o.#
##...).......###..#####
..................#
##.....†.....####.#
#...........# .#
#...........### .#
#.............. ..
##...###.###### ..
#.#.#...# #..


You could see a hound, 2 orc priests, an orc (unable to see you) and a goblin
(unable to see you).

Vanquished Creatures
  A hound (D:4)
  Jessica (D:3)
  Natasha (twice) (D:2)
  A gnoll (D:1)
  4 adders
  2 dart slugs (D:1)
  An orc (D:3)
  7 endoplasms
  5 giant cockroaches
  7 goblins
  6 hobgoblins
  4 quokkas
  4 ball pythons
  3 bats (D:2)
  A frilled lizard (D:3)
  6 kobolds
  6 rats
61 creatures vanquished.

Vanquished Creatures (collateral kills)
  A bat (D:1)
1 creature vanquished.

Grand Total: 62 creatures vanquished

Notes
Turn   | Place    | Note
-------+----------+-------------------------------------------
     0 | D:1      | BigDaddyOpFi the Gargoyle Necromancer began the quest for
                  | the Orb.
     0 | D:1      | Reached XP level 1. HP: 10/10 MP: 3/3
   220 | D:1      | Reached XP level 2. HP: 10/15 MP: 0/5
   774 | D:1      | Reached XP level 3. HP: 3/19 MP: 0/6
  1138 | D:1      | Learned a level 3 spell: Vampiric Draining
  1617 | D:2      | Noticed Natasha
  1669 | D:2      | Killed Natasha
  1670 | D:2      | Reached XP level 4. HP: 6/24 MP: 7/7
  1742 | D:2      | Identified the +1 dagger of Meylikh {freeze, rC+ Will+
                  | Int+3}
  1951 | D:2      | Noticed Natasha
  1965 | D:2      | Killed Natasha
  2583 | D:3      | Noticed Jessica
  2587 | D:3      | Found a faded altar of an unknown god.
  2607 | D:3      | Reached XP level 5. HP: 13/28 MP: 9/9
  2618 | D:3      | Killed Jessica
  2808 | D:3      | Found a radiant altar of Vehumet.
  3528 | D:4      | Reached skill level 4 in Necromancy
  3642 | D:4      | Killed from afar by an orc priest

Illustrated notes

Levels and vault maps discovered:
D:1:      lightli_arrival_flooded_house, layout_basic, minmay_indecisive_spiral
D:2:      layout_loops_ring, uniq_natasha
D:3:      minmay_spotlight, layout_loops_ring, mainiacjoe_overflow_tiny_flanked,
          hellmonk_ecumenical_altar_blasted, uniq_jessica
D:4:      layout_rooms, mainiacjoe_overflow_large_starburst, chequers_garden

Skill      XL: |  1  2  3  4  5 |
---------------+----------------+-----
Dodging        | 2 |  2.7
Stealth        | 3 |  3.9
Spellcasting   | 3 |  3.2
Necromancy     | 4 |  4.0

Action                     |  1- 3 |  4- 6 || total
---------------------------+-------+-------++-------
  Melee: Unarmed           |    28 |       ||    28
         Dagger            |    21 |       ||    21
         Hand axe          |    28 |   183 ||   211
         Punch             |       |     2 ||     2
   Cast: Necrotise         |    31 |     3 ||    34
    Use: Scroll            |     2 |     7 ||     9
         Potion            |     2 |     6 ||     8
   Stab: Sleeping          |     2 |     5 ||     7
         Distracted        |     1 |     2 ||     3
         Invisible         |       |     1 ||     1
 Armour: Robe              |    64 |   129 ||   193
  Dodge: Dodged            |    86 |   176 ||   262
